 Dungeon Crawl Stone Soup version 0.29.1-15-g9cfb28693d (webtiles) character file.

Game seed: 1084670434331960540

304 nshep25 the Covered (level 6, -1/53 HPs)
             Began as a Minotaur Fighter on Feb 21, 2023.
             Slain by a gnoll
             ... wielding a +0 spear
             ... led by a gnoll sergeant
              (2 damage)
             ... on level 4 of the Dungeon.
             The game lasted 00:04:26 (3078 turns).

nshep25 the Covered (Minotaur Fighter)              Turns: 3078, Time: 00:04:27

Health: -1/53      AC:  8    Str: 22    XL:     6   Next: 15%
Magic:  5/5        EV:  9    Int:  5    God:
Gold:   250        SH:  4    Dex: 10    Spells: 5/5 levels left

rFire   . . .      SeeInvis .   a - +0 war axe
rCold   . . .      Faith    .   c - +0 buckler
rNeg    . . .      Spirit   .   b - +0 scale mail
rPois   .          Reflect  .   (helmet restricted)
rElec   .          Harm     .   e - +0 cloak
rCorr   .          Rampage  .   (no gloves)
Will    .....                   (no boots)
Stlth   ..........              (no amulet)
HPRegen 0.17/turn               (no ring)
MPRegen 0.09/turn               (no ring)

@: no status effects
A: horns 2, retaliatory headbutt
a: no special abilities


You were on level 4 of the Dungeon.
You visited 1 branch of the dungeon, and saw 4 of its levels.

You collected 250 gold pieces.

Inventory:

Hand Weapons
 a - a +0 war axe (weapon)
Armour
 b - a +0 scale mail (worn)
 c - a +0 buckler (worn)
 e - a +0 cloak (worn)
Jewellery
 o - an amulet of the acrobat
Scrolls
 f - a scroll of enchant armour {unknown}
 h - a scroll of torment {unknown}
 i - 5 scrolls of identify {unknown}
 j - a scroll of teleportation {unknown}
 m - a scroll of summoning {unknown}
 n - 2 scrolls of amnesia {unknown}
 q - a scroll of magic mapping {unknown}
 s - a scroll of enchant weapon {unknown}
 t - a scroll of fog {unknown}
Potions
 d - a potion of might
 g - 2 potions of degeneration {unknown}
 k - a potion of cancellation {unknown}
 l - 2 potions of berserk rage {unknown}
 p - a potion of flight {unknown}
 r - a potion of haste {unknown}
 u - a potion of curing {unknown}


   Skills:
 + Level 4.4 Fighting
 + Level 5.0 Axes
 + Level 5.2 Armour
 + Level 1.4 Dodging
 + Level 1.0 Stealth
 + Level 4.7 Shields


You had 5 spell levels left.
You didn't know any spells.
Your spell library contained the following spells:

 Spells                   Type           Power      Damage    Failure   Level
 Portal Projectile        Hex/Tloc       0%         N/A       99%         3
 Tukima's Dance           Hex            0%         N/A       99%         3
 Blade Hands              Tmut           0%         N/A       100%        5
 Freezing Cloud           Conj/Ice/Air   0%         6-21      100%        5
 Simulacrum               Ice/Necr       0%         N/A       100%        6
 Polar Vortex             Ice            0%         N/A       100%        9


Dungeon Overview and Level Annotations

Branches:
Dungeon (4/15)
 Temple: D:4-7

Altars:


Innate Abilities, Weirdness & Mutations

You have a pair of horns on your head.
You reflexively headbutt those who attack you in melee.


Message History

You block the gnoll sergeant's attack. The gnoll closely misses you.
You closely miss the gnoll sergeant.
Your headbutt misses the gnoll sergeant.
The gnoll sergeant is moderately wounded.
The gnoll sergeant hits you but does no damage.
The gnoll closely misses you.
The gnoll sergeant hits you with a +0 spear.
You block the gnoll's attack.
You barely miss the gnoll sergeant.
The gnoll sergeant is moderately wounded.
The gnoll sergeant closely misses you. You block the gnoll's attack.
You slash the gnoll sergeant! You headbutt the gnoll sergeant.
You kill the gnoll sergeant!
The gnoll hits you from afar with a +0 spear.
* * * LOW HITPOINT WARNING * * *
Your Axes skill increases to level 5!
Your Stealth skill increases to level 1!
You have reached level 6!
The gnoll hits you with a +0 spear.
* * * LOW HITPOINT WARNING * * *
Things that are here:
a +0 spear; a +0 ring mail You completely miss the gnoll.
The gnoll hits you but does no damage. The gnoll hits you with a +0 spear.
* * * LOW HITPOINT WARNING * * *
You barely miss the gnoll. You headbutt the gnoll!
The gnoll is heavily wounded.
The gnoll hits you with a +0 spear.
* * * LOW HITPOINT WARNING * * *
You hit the gnoll.
You headbutt the gnoll, but do no damage.
The gnoll is severely wounded.
The gnoll hits you with a +0 spear.
* * * LOW HITPOINT WARNING * * *
You barely miss the gnoll.
The gnoll is severely wounded.
The gnoll hits you with a +0 spear.
* * * LOW HITPOINT WARNING * * *
The gnoll hits you with a +0 spear.
You die...

# .# .. .. #.#
##.###.#### #.#
............ # #.#
.#.#.#.#.#.#.#.#.#
...............#.######
.#.#...#.#.#..........#
..#..........#.#.####.#
.#.#.....#.#.# #.# #.#
.............# #@# #.#
##.#.......#.. #g# #.#
#....)....... #.# #.#
###.#.#.#.#.###.####.#
#..............##...#
#).#.#.#.#..#####.###
#)##........ #.#
##.####.#.#.# #.# ##..#
#.....# #.#


You could see a gnoll.

Vanquished Creatures
  A gnoll sergeant (D:4)
  2 hounds (D:4)
  An iguana (D:4)
  A gnoll (D:4)
  5 adders
  4 worms (D:2)
  4 dart slugs
  An orc (D:4)
  7 endoplasms
  2 giant cockroaches
  7 goblins
  4 hobgoblins
  10 jackals
  7 kobolds
  3 quokkas
  4 ball pythons
  9 bats
  5 frilled lizards
  8 rats
85 creatures vanquished.

Vanquished Creatures (others)
  4 plants (D:2)
4 creatures vanquished.

Grand Total: 89 creatures vanquished

Notes
Turn   | Place    | Note
-------+----------+-------------------------------------------
     0 | D:1      | nshep25 the Minotaur Fighter began the quest for the Orb.
     0 | D:1      | Reached XP level 1. HP: 19/19 MP: 0/0
   124 | D:1      | Reached XP level 2. HP: 26/27 MP: 1/1
   448 | D:1      | Reached XP level 3. HP: 33/33 MP: 2/2
   511 | D:1      | Found a faded altar of an unknown god.
  1070 | D:2      | Reached XP level 4. HP: 37/40 MP: 3/3
  1986 | D:3      | Reached skill level 1 in Dodging
  2534 | D:4      | Reached XP level 5. HP: 21/46 MP: 4/4
  2895 | D:4      | Reached skill level 5 in Armour
  3074 | D:4      | Reached skill level 5 in Axes
  3074 | D:4      | Reached skill level 1 in Stealth
  3074 | D:4      | Reached XP level 6. HP: 14/53 MP: 5/5
  3078 | D:4      | HP: 1/53 [gnoll/+0 spear[a gnoll sergeant] (2)]
  3078 | D:4      | Slain by a gnoll

Illustrated notes

Levels and vault maps discovered:
D:1:      dpeg_arrival_stone_temple_mockup, layout_basic, basic_ecumenical_altar
D:2:      layout_loops_corners, serial_bayou_lake_a
D:3:      layout_rooms, moated_statue
D:4:      layout_loops_ring, hangedman_decor_riveting

Skill      XL: |  1  2  3  4  5 |
---------------+----------------+-----
Shields        | 4 |  4.7
Armour         | 4 5 |  5.2
Fighting       | 4 |  4.4
Axes           | 3 4 5 |  5.0
Dodging        | 1 |  1.4
Stealth        | 1 |  1.0

Action                   |  1- 3 |  4- 6 || total
-------------------------+-------+-------++-------
Melee: War axe           |    88 |   104 ||   192
       Headbutt          |     7 |    21 ||    28
Armor: Scale mail        |    68 |    54 ||   122
Dodge: Dodged            |    62 |    41 ||   103
Block: Buckler           |    37 |    28 ||    65
